 Dungeon Crawl Stone Soup version 0.18-a0-1413-g4eaa9ac (console) character file.

363 Liam the Conjurer (level 6, 0/32 HPs)
             Began as a Deep Elf Conjurer on Feb 25, 2016.
             Succumbed to a scorpion's poison
             ... on level 5 of the Dungeon.
             The game lasted 00:06:47 (2870 turns).

Liam the Conjurer (Deep Elf Conjurer)               Turns: 2870, Time: 00:06:47

Health: 0/32       AC:  5    Str:  5    XL:     6   Next: 39%
Magic:  6/17       EV: 17    Int: 22    God:
Gold:   138        SH:  0    Dex: 20    Spells: 2 memorised, 13 levels left

rFire  . . .     SeeInvis .     (no weapon)
rCold  . . .     Gourm    .     r - +1 leather armour {rPois}
rNeg   . . .     Faith    .     (no shield)
rPois  +         Spirit   .     (no helmet)
rElec  .         Dismiss  .     s - +0 cloak
rCorr  .         Reflect  .     (no gloves)
SustAt .         Harm     .     (no boots)
MR     .....                    l - amulet of regeneration
Stlth  ++........               (no ring)
                                t - ring of loudness (curse)

@: agile, lethally poisoned (0 -> -2), not resistant to hostile enchantments,
unstealthy
A: no striking features
a: no special abilities


You were on level 5 of the Dungeon.
You were near starving.

You visited 1 branch of the dungeon, and saw 5 of its levels.

You collected 138 gold pieces.

Inventory:

Armour
 a - a +0 robe
 q - a +1 robe of fire resistance
 r - a +1 leather armour of poison resistance (worn)
 s - a +0 cloak (worn)
Jewellery
 l - an amulet of regeneration (around neck)
 t - a cursed ring of loudness (left hand)
 u - a +6 ring of protection {unknown}
 x - an uncursed amulet of rage {unknown}
Scrolls
 d - a scroll of fear {unknown}
 e - a scroll of recharging {unknown}
 j - 4 scrolls of remove curse {unknown}
 o - a scroll of noise {unknown}
 v - a scroll of enchant armour {unknown}
 z - 2 scrolls of random uselessness {unknown}
Potions
 h - a potion of curing {unknown}
 i - a potion of haste {unknown}
 k - a potion of lignification {unknown}
 n - a potion of beneficial mutation {unknown}
 p - a potion of mutation {unknown}
Books
 b - a book of Conjurations

   Spells                             Type                      Level
   a - Magic Dart                     Conjuration                  1
   b - Searing Ray                    Conjuration                  2
   c - Dazzling Spray                 Conjuration/Hexes            3
   d - Fulminant Prism                Conjuration/Hexes            4
   e - Iskenderun's Mystic Blast      Conjuration                  4
   f - Iskenderun's Battlesphere      Conjuration/Charms           5
 y - a book of Debilitation

   Spells                             Type                      Level
   a - Corona                         Hexes                        1
   b - Slow                           Hexes                        2
   c - Gell's Gravitas                Hexes/Translocation          3
   d - Inner Flame                    Hexes/Fire                   3
   e - Cause Fear                     Hexes                        4
   f - Leda's Liquefaction            Hexes/Earth                  4
Comestibles
 c - 3 bread rations
 m - a royal jelly
 w - 4 fruits


   Skills:
 - Level 2.4 Dodging
 - Level 2.4 Stealth
 + Level 6.6 Spellcasting
 + Level 6.8 Conjurations


You had 13 spell levels left.
You knew the following spells:

 Your Spells              Type           Power        Failure   Level  Hunger
a - Magic Dart            Conj           ####         1%          1    None
x - Iskenderun's Mystic   Conj           #####...     10%         4    ###....


Dungeon Overview and Level Annotations

Branches:
Dungeon (5/15)
 Temple: D:4-7

Altars:
Makhleb
Qazlal


Message History

There is a stone staircase leading down here.
The scorpion stings you. The gnoll barely misses you.
The gnoll hits you from afar with a halberd.
* * * LOW HITPOINT WARNING * * *
You climb downwards.
There is a stone staircase leading up here.
Unknown command.
Casting: Magic Dart
Confirm with . or Enter, or press ? or * to list all spells.
You don't know that spell.
Drink which item? (? for menu, Esc to quit)
It was a potion of agility.
You feel agile all of a sudden. The scorpion stings you.
* * * LOW HITPOINT WARNING * * *
You are lethally poisoned!
The scorpion poisons you!
Drink which item? (? for menu, Esc to quit)
It was a potion of berserk rage.
You're too hungry to go berserk.
You die...

#### ...# ...#
...# ...#
#.########...#
+.....@sg<...+
#.#.####.....#
#..#+## #..#
.... #####. .#
#


You could see a scorpion and a gnoll.

Vanquished Creatures
  A gnoll sergeant (D:4)
  A scorpion (D:4)
  2 hounds (D:4)
  7 gnolls
  3 adders
  An ooze (D:2)
  2 worms (D:2)
  A dart slug (D:1)
  2 giant geckos
  3 orcs
  10 bats
  4 giant cockroaches
  12 goblins
  9 hobgoblins
  4 jackals
  A quokka (D:4)
  5 giant newts
  5 kobolds
  8 rats
81 creatures vanquished.

Notes
Turn   | Place    | Note
--------------------------------------------------------------
     0 | D:1      | Liam the Deep Elf Conjurer began the quest for the Orb.
     0 | D:1      | Reached XP level 1. HP: 10/10 MP: 6/6
   313 | D:1      | Reached XP level 2. HP: 15/15 MP: 5/8
   454 | D:1      | Reached skill level 5 in Conjurations
   578 | D:1      | Reached XP level 3. HP: 19/19 MP: 7/10
  1240 | D:2      | Reached XP level 4. HP: 24/24 MP: 5/12
  1295 | D:2      | Learned a level 4 spell: Iskenderun's Mystic Blast
  1589 | D:2      | Found a stormy altar of Qazlal.
  2012 | D:3      | Reached skill level 5 in Spellcasting
  2213 | D:3      | Reached XP level 5. HP: 23/28 MP: 7/14
  2745 | D:4      | Reached XP level 6. HP: 32/32 MP: 12/17
  2787 | D:4      | Found a burning altar of Makhleb.
  2865 | D:5      | Entered Level 5 of the Dungeon
  2869 | D:5      | HP: 1/32 [scorpion (6)]
  2870 | D:5      | Succumbed to a scorpion's poison

Vault maps used:
D:1:      sevenhm_arrival_forest_fort_large_1
D:2:      first_bread, nicolae_qazlal_general_emergency
D:3:      minmay_misc_feat_rugged, grunt_decor_cap, kennysheep_boxes
D:4:      lemuel_crystal_altar, serial_shops, nicolae_shop_overgrown_old_shop
D:5:      nrook_mini_backslash, uniq_blork_the_orc, uniq_grinder, uniq_menkaure

Skill      XL: |  1  2  3  4  5 |
---------------+----------------+-----
Conjurations   | 5 6 |  6.8
Spellcasting   | 4 5 6 |  6.6
Dodging        | |  2.4
Stealth        | |  2.4

Action                   |  1- 3 |  4- 6 || total
-------------------------+-------+-------++-------
Melee: Unarmed           |       |     1 ||     1
 Cast: Magic Dart        |    70 |   114 ||   184
  Use: Potion            |       |     2 ||     2
  Eat: Chunk             |     1 |     3 ||     4
